 Dungeon Crawl Stone Soup version 0.17.0-18-gaab0e96 (console) character file.

58 gw the Chucker (level 3, -2/31 HPs)
             Began as a Minotaur Hunter on Nov 12, 2015.
             Killed from afar by an orc wizard (8 damage)
             ... with a magic dart
             ... on level 3 of the Dungeon.
             The game lasted 00:01:39 (2286 turns).

gw the Chucker (Minotaur Hunter)                    Turns: 2286, Time: 00:01:39

Health: -2/31      AC:  4    Str: 16    XL:     3   Next: 76%
Magic:  2/2        EV: 12    Int:  8    God:
Gold:   76         SH:  0    Dex: 11    Spells: 0 memorised, 2 levels left

rFire  . . .     SeeInvis .     b - +0 mace
rCold  . . .     Clarity  .     d - +0 leather armour
rNeg   . . .     SustAt   .     (no shield)
rPois  .         Gourm    .     g - +1 hat
rElec  .         Spirit   .     (no cloak)
rCorr  .         Warding  .     (no gloves)
rMut   .         Stasis   .     (no boots)
MR     .....                    (no amulet)
Stlth  +.........               (no ring)
                                (no ring)

@: not resistant to hostile enchantments, very unstealthy
A: retaliatory headbutt, horns 2
a: no special abilities


You were on level 3 of the Dungeon.
You were not hungry.

You visited 1 branch of the dungeon, and saw 3 of its levels.

You collected 76 gold pieces.

Inventory:

Hand Weapons
 b - a +0 mace (weapon)
Missiles
 a - 5 javelins (quivered)
 c - 55 stones
 f - 2 throwing nets
Armour
 d - a +0 leather armour (worn)
 g - a +1 hat (worn)
Comestibles
 e - 3 bread rations


   Skills:
 + Level 3.2 Fighting
 + Level 1.0 Maces & Flails
 * Level 4.6 Throwing
 + Level 1.9 Armour
 - Level 2.1 Dodging
 - Level 0.7 Stealth


You had 2 spell levels left.
You didn't know any spells.

Dungeon Overview and Level Annotations

Branches:
Dungeon (3/15)

Altars:


Innate Abilities, Weirdness & Mutations

You reflexively headbutt those who attack you in melee.
You have a pair of horns on your head.


Message History

The orc wizard hits you with a dagger. The orc wizard closely misses you.
The orc hits you but does no damage.
The orc wizard gestures wildly while chanting.
The orc wizard blinks!
The orc barely misses you. You furiously retaliate!
You headbutt the orc!
You kill the orc!
Unknown command.
Unknown command.
Unknown command.
Unknown command.
ATTACK MOVE TO (-1,0)
You closely miss the orc wizard. You headbutt the orc wizard.
The orc wizard is heavily wounded.
The orc wizard casts a spell at you. The magic dart hits you!
The orc wizard casts a spell.
The orc wizard blinks!
The orc wizard gestures at you while chanting.
The magic dart hits you!
You die...

....... ##.##.######
#..........###
#.......<....#
#..(.......#....
##..(%......# .
####....)..........
#..<...........#...
..###.¤H.......#....
# #..o............
#...o.........".#
#.o.......##...
#[.............
#..........#
#.........##
#.........#


You could see 2 orc wizards and an orc.

Table legend:
 A = Turns spent in this place as a percentage of turns spent in the entire game.
 B = Non-inter-level travel turns spent in this place as a percentage of non-inter-level travel turns spent in the entire game.
 C = Inter-level travel turns spent in this place as a percentage of turns spent in this place.
 D = Turns resting spent in this place as a percentage of non-inter-level travel turns spent in this place.
 E = Turns spent auto-exploring this place as a percentage of non-inter-level travel turns spent in this place.
 F = Non-inter-level travel turns spent in this place divided by the number of levels of this place that you've seen.
                   A       B       C       D       E      F
               +-------+-------+-------+-------+-------+----------------------
         Total | 100.0 | 100.0 |   0.5 |   0.7 |   3.5 | 795.0
       Dungeon | 100.0 | 100.0 |   0.5 |   0.7 |   3.5 | 795.0
               +-------+-------+-------+-------+-------+----------------------

Table legend:
 A = Kills in this place as a percentage of kills in entire the game.
 B = Kills by you in this place as a percentage of kills by you in the entire game.
 C = Kills by friends in this place as a percentage of kills by friends in the entire game.
 D = Other kills in this place as a percentage of other kills in the entire game.
 E = Experience gained in this place as a percentage of experience gained in the entire game.
 F = Experience gained in this place divided by the number of levels of this place that you have seen.
                   A       B       C       D       E      F
               +-------+-------+-------+-------+-------+----------------------
         Total | 100.0 | 100.0 |  -nan |  -nan | 100.0 |  28.0
       Dungeon | 100.0 | 100.0 |  -nan |  -nan | 100.0 |  28.0
               +-------+-------+-------+-------+-------+----------------------

Vanquished Creatures
  An adder (D:2)
  An orc (D:3)
  5 bats
  8 goblins
  7 hobgoblins
  2 quokkas
  A giant cockroach (D:2)
  4 giant newts
  9 kobolds
  7 rats
45 creatures vanquished.

Notes
Turn   | Place    | Note
--------------------------------------------------------------
     0 | D:1      | gw the Minotaur Hunter began the quest for the Orb.
     0 | D:1      | Reached XP level 1. HP: 18/18 MP: 0/0
   387 | D:1      | Reached XP level 2. HP: 25/25 MP: 1/1
   523 | D:1      | Reached skill level 1 in Armour
   966 | D:2      | Found a faded altar to an unknown god.
  1012 | D:2      | Reached skill level 1 in Maces & Flails
  1012 | D:2      | Reached XP level 3. HP: 19/30 MP: 2/2
  2286 | D:3      | Killed from afar by an orc wizard

Action                   || total
-------------------------++-------
Melee: Whip              ||     9
       Mace              ||    39
Throw: Javelin           ||    54
       Stone             ||     1
 Stab: Sleeping          ||     1
  Eat: Chunk             ||     4

Vault maps used:
D:1:      lightli_arrival_flooded_house, minivault_19
D:2:      ecumenical_altar_2, grunt_decor_mini_mirrors
